 Dungeon Crawl Stone Soup version 0.28-a0-1190-g77e1c55843 (webtiles) character file.

Game seed: 15334059296300820761

276 SensoryNuts the Slasher (level 6, 0/48 HPs)
             Began as a Demonspawn Fighter on Dec 18, 2021.
             Slain by a killer bee (2 damage)
             ... on level 5 of the Dungeon.
             The game lasted 00:02:51 (3162 turns).

SensoryNuts the Slasher (Demonspawn Fighter)        Turns: 3162, Time: 00:02:51

Health: 0/48       AC:  8    Str: 18    XL:     6   Next: 4%
Magic:  6/6        EV: 11    Int: 10    God:
Gold:   180        SH:  4    Dex: 12    Spells: 5/5 levels left

rFire   . . .      SeeInvis .   a - +0 long sword
rCold   + . .      Faith    .   c - +0 buckler
rNeg    . . .      Spirit   .   b - +0 scale mail
rPois   .          Reflect  .   (no helmet)
rElec   .          Harm     .   (no cloak)
rCorr   .          Rampage  .   (no gloves)
Will    .....                   f - +0 pair of boots
Stlth   ..........              (no amulet)
HPRegen 0.16/turn               e - ring of protection from cold
MPRegen 0.10/turn               (no ring)

@: mighty, invisible
A: repulsion field 1
a: no special abilities


You were on level 5 of the Dungeon.
You visited 1 branch of the dungeon, and saw 5 of its levels.

You collected 180 gold pieces.

Inventory:

Hand Weapons
 a - a +0 long sword (weapon)
Armour
 b - a +0 scale mail (worn)
 c - a +0 buckler (worn)
 f - a +0 pair of boots (worn)
 o - a scarf of invisibility
Jewellery
 e - a ring of protection from cold (left hand)
Wands
 k - a wand of iceblast (6)
 l - a wand of paralysis (5)
Scrolls
 h - a scroll of teleportation
 m - a scroll of blinking
 n - a scroll of enchant weapon {unknown}
Potions
 g - a potion of mutation {unknown}


   Skills:
 + Level 3.8 Fighting
 + Level 4.1 Long Blades
 + Level 3.6 Armour
 + Level 0.7 Dodging
 + Level 0.1 Stealth
 + Level 3.3 Shields


You had 5 spell levels left.
You didn't know any spells.
Your spell library contained the following spells:

 Spells                   Type           Power      Damage    Failure   Level
 Animate Skeleton         Necr           0%         N/A       77%         1
 Apportation              Tloc           0%         N/A       77%         1
 Summon Small Mammal      Summ           0%         N/A       77%         1


Dungeon Overview and Level Annotations

Branches:
Dungeon (5/15)
 Temple: D:4-7

Altars:
Makhleb

Annotations:
D:4 Robin


Innate Abilities, Weirdness & Mutations

You are surrounded by a mild repulsion field. (EV +2)


Message History

A killer bee comes into view.
You fade into invisibility!
The killer bee buzzes angrily.
The orc hits you with a +0 club.
You feel mightier all of a sudden.
The killer bee buzzes angrily.
The orc barely misses you.
You slice the orc!!
You kill the orc!
You slash the orc!
You kill the orc!
Items here: ( ))) [ †††.
The killer bee misses you. The killer bee stings you!
* * * LOW HITPOINT WARNING * * *
You closely miss the killer bee.
The killer bee stings you but does no damage.
The killer bee stings you.
* * * LOW HITPOINT WARNING * * *
You are poisoned.
The killer bee poisons you! The killer bee barely misses you.
You miss the killer bee.
* * * LOW HITPOINT WARNING * * *
You feel very sick. The killer bee barely misses you.
The killer bee closely misses you.
You closely miss the killer bee.
You feel sick.
The killer bee buzzes angrily.
You block the killer bee's attack. The killer bee misses you.
You closely miss the killer bee.
You feel sick.
The killer bee buzzes angrily.
You miss the killer bee.
* * * LOW HITPOINT WARNING * * *
You feel sick. The killer bee closely misses you.
The killer bee stings you but does no damage.
You closely miss the killer bee.
You feel sick.
The killer bee buzzes angrily.
The killer bee barely misses you. The killer bee closely misses you.
You miss the killer bee.
You feel sick.
You are no longer poisoned.
The killer bee closely misses you. The killer bee stings you.
You die... ...... .... .... oy.

#.o
#y#
#y#
#@#
#)#
###)#
#)†.#
#<###
###


You could see 3 killer bees and 2 orcs.

Vanquished Creatures
  A hound (D:5)
  A bullfrog skeleton (D:5)
  An iguana (D:4)
  2 orc wizards
  2 hound skeletons (D:4)
  3 adders (D:3)
  2 worms
  3 dart slugs (D:1)
  7 orcs
  3 ball pythons
  5 bats
  10 endoplasms
  A giant cockroach (D:1)
  6 hobgoblins
  3 quokkas
  4 frilled lizards (D:1)
  8 goblins
  9 kobolds
  5 rats
76 creatures vanquished.

Notes
Turn   | Place    | Note
-------+----------+-------------------------------------------
     0 | D:1      | SensoryNuts the Demonspawn Fighter began the quest for the
                  | Orb.
     0 | D:1      | Reached XP level 1. HP: 18/18 MP: 1/1
    58 | D:1      | Gained mutation: You are surrounded by a mild repulsion
                  | field. (EV +2) [demonic ancestry]
    58 | D:1      | Reached XP level 2. HP: 14/24 MP: 2/2
   373 | D:1      | Reached skill level 2 in Long Blades
   418 | D:1      | Reached XP level 3. HP: 24/29 MP: 3/3
   688 | D:1      | Found a faded altar of an unknown god.
  1980 | D:3      | Reached XP level 4. HP: 35/35 MP: 4/4
  2297 | D:3      | Reached skill level 3 in Long Blades
  2656 | D:3      | Found a burning altar of Makhleb.
  2802 | D:4      | Reached XP level 5. HP: 15/42 MP: 5/5
  3101 | D:4      | Noticed Robin
  3112 | D:5      | Entered Level 5 of the Dungeon
  3141 | D:5      | Reached skill level 4 in Long Blades
  3149 | D:5      | Reached XP level 6. HP: 10/48 MP: 6/6
  3161 | D:5      | HP: 2/48 [poisoned by a killer bee]
  3162 | D:5      | Slain by a killer bee

Illustrated notes

Levels and vault maps discovered:
D:1:      minmay_arrival_diagonal_passages, layout_rooms,
          basic_ecumenical_altar, minivault_23, minmay_close_crescents
D:2:      layout_basic
D:3:      layout_basic, overflow_temple_1_default, minmay_statues_item
D:4:      layout_rooms, uniq_robin, uniq_sigmund
D:5:      layout_rooms

Skill      XL: |  1  2  3  4  5 |
---------------+----------------+-----
Shields        | 3 |  3.3
Long Blades    | 2 3 4 |  4.1
Armour         | 3 |  3.6
Fighting       | |  3.8
Dodging        | |  0.7
Stealth        | |  0.1

Action                   |  1- 3 |  4- 6 || total
-------------------------+-------+-------++-------
Melee: Long sword        |   138 |   131 ||   269
  Use: Scroll            |     5 |     1 ||     6
       Potion            |     3 |     4 ||     7
Armor: Scale mail        |    50 |    45 ||    95
Dodge: Dodged            |    77 |    81 ||   158
Block: Buckler           |    33 |    31 ||    64

Table legend: (Time is in decaauts)
 A = Elapsed time spent in this place.
 B = Non-inter-level travel time spent in this place.
 C = Inter-level travel time spent in this place.
 D = Time resting spent in this place.
 E = Time spent auto-exploring this place.
 F = Levels seen in this place.
 G = Mean time per level.
                   A        B        C        D        E       F      G
               +--------+--------+--------+--------+--------+-----+--------+
         Total |   3237 |   3237 |      0 |      0 |   2546 |   5 |  647.4 |
       Dungeon |   3237 |   3237 |      0 |      0 |   2546 |   5 |  647.4 |
               +--------+--------+--------+--------+--------+-----+--------+

Top non-repeatable levels by time:
     D:3: 1176 daAuts
     D:2: 871 daAuts
     D:1: 804 daAuts
     D:4: 327 daAuts
     D:5: 58 daAuts
